AoeStats
← 客官

Arena

508765587Analyzed
4v4 RM · 9d ago on Sep 24, 2026· 45m 55s· 8 players
Game mode
Random Map
Map size
Large (8 player)
Population
200
Speed
Normal
Resources
Standard
Victory
Conquest
Starting age
Dark Age
Ending age
Imperial Age
RankedLock teamsTeams togetherTeam positionsShared explorationLock speedFull tech treeHidden civsTurbo modeCheats
Victory
Defeat
🇨🇳 Saracens · China
1414
+18
🇺🇸 Italians · United States
1403
+18
🇨🇳 Bohemians · China
1392
+18
🇲🇽 Italians · Mexico
1368
+19
1507
-20
1480
-20
🇦🇷 Japanese · Argentina
1437
-18
🇦🇷 Varangians · Argentina
1359
-15
GRAN KHAN
9:55 Feudal Age
14:42 Castle Age
12:52 Double-Bit Axe
13:40 Gold Mining
14:32 Horse Collar
20:12 Wheelbarrow
20:01 Stone Mining
20:44 Loom
26:06 Hand Cart
29:32 Imperial Age
27:36 Squires
27:43 Scale Mail Armor
27:53 Forging
27:49 Town Watch
28:16 Bow Saw
29:25 Chain Mail Armor
29:25 Arson
30:27 Iron Casting
29:59 Fletching
30:31 Ballistics
29:52 Treadmill Crane
31:09 Conscription
30:59 Padded Archer Armor
31:30 Plate Mail Armor
33:12 Chemistry
31:52 Treadmill Crane
33:14 Blast Furnace
32:10 Bodkin Arrow
32:54 Thumb Ring
34:55 Bracer
35:11 Leather Archer Armor
34:42 Elite Genoese Crossbowman
34:51 Elite Genoese Crossbowman
37:21 Ring Archer Armor
38:34 Two-Man Saw
37:38 Heavy Plow
38:16 Stone Shaft Mining
44:26 Town Patrol
客官
10:07 Feudal Age
9:10 Loom
10:03 Loom
16:03 Castle Age
16:31 Wheelbarrow
15:46 Double-Bit Axe
33:51 Fletching
38:08 Horse Collar
AlDebaran
8:11 Feudal Age
7:28 Loom
9:51 Double-Bit Axe
12:28 Fletching
20:37 Castle Age
19:38 Horse Collar
21:30 Bodkin Arrow
22:55 Bow Saw
22:45 Guard Tower
24:18 Heavy Plow
29:47 Masonry
33:58 Gold Mining
35:11 Wheelbarrow
37:57 Imperial Age
37:41 Hand Cart
37:43 Padded Archer Armor
38:10 Treadmill Crane
39:42 Chemistry
38:28 Treadmill Crane
39:52 Chemistry
38:33 Treadmill Crane
39:15 Stone Mining
40:46 Leather Archer Armor
42:32 Ring Archer Armor
42:38 Architecture
zbtl458613
9:46 Feudal Age
14:10 Castle Age
12:05 Double-Bit Axe
13:49 Horse Collar
15:30 Bow Saw
23:35 Gold Mining
23:35 Stone Mining
24:25 Wheelbarrow
23:35 Loom
28:53 Imperial Age
26:59 Forging
26:54 Scale Barding Armor
28:02 Fortified Wall
28:25 Hand Cart
28:47 Iron Casting
28:29 Heavy Plow
29:22 Gold Shaft Mining
28:37 Stone Mining
29:45 Chain Barding Armor
28:54 Elite Mameluke
30:26 Conscription
31:11 Blast Furnace
31:39 Plate Barding Armor
34:58 Two-Man Saw
34:04 Husbandry
34:14 Bloodlines
33:25 Light Cavalry
35:08 Bimaristan
36:03 Chemistry
37:41 Hussar
37:49 Hussar
40:36 Coinage
42:03 Banking
Cayo Mario - Siete veces Cónsul
8:48 Feudal Age
10:05 Horse Collar
10:23 Double-Bit Axe
19:42 Castle Age
18:36 Scale Barding Armor
19:33 Gold Mining
20:49 Bow Saw
21:00 Chain Barding Armor
21:08 Heavy Plow
22:38 Bloodlines
24:06 Stone Mining
24:13 Loom
25:03 Wheelbarrow
24:13 Town Watch
27:36 Hand Cart
27:22 Town Patrol
27:05 Capped Ram
29:06 Forging
39:23 Imperial Age
38:27 Squires
38:12 Arson
39:03 Scale Mail Armor
39:38 Iron Casting
39:10 Pikeman
40:08 Chain Mail Armor
40:37 Conscription
39:50 Halberdier
42:05 Blast Furnace
41:12 Cuman Mercenaries
Busco señora que cobre PUAM
5:44 Loom
8:30 Feudal Age
9:53 Fletching
18:41 Wheelbarrow
21:42 Castle Age
20:06 Double-Bit Axe
22:31 Bodkin Arrow
23:31 Guard Tower
25:12 Town Watch
27:27 Hand Cart
33:34 Imperial Age
32:41 Padded Archer Armor
33:43 Bow Saw
33:51 Leather Archer Armor
33:47 Scale Mail Armor
33:57 Forging
35:24 Chemistry
35:31 Squires
35:54 Fortified Wall
35:54 Gold Mining
40:04 Murder Holes
ROSHI EL MAESTRO DEL AGE
10:25 Feudal Age
11:05 Gold Mining
15:44 Castle Age
14:02 Double-Bit Axe
14:41 Horse Collar
22:55 Heavy Plow
23:20 Bow Saw
24:07 Wheelbarrow
26:00 Hand Cart
25:40 Stone Mining
26:40 Loom
29:53 Imperial Age
27:38 Loom
28:14 Forging
28:10 Scale Barding Armor
30:03 Chain Barding Armor
30:18 Iron Casting
31:57 Plate Barding Armor
32:46 Fletching
32:57 Padded Archer Armor
33:11 Elite Skirmisher
33:47 Bodkin Arrow
34:23 Imperial Skirmisher
35:47 Bracer
36:02 Leather Archer Armor
36:50 Chemistry
36:35 Conscription
37:19 Blast Furnace
38:17 Ring Archer Armor
37:19 Elite Jarl
37:23 Vendel Legacy
40:11 Ballistics
Julio Argentino Roca
8:40 Loom
10:35 Feudal Age
12:36 Fletching
17:38 Town Watch
22:51 Castle Age
23:13 Double-Bit Axe
23:12 Horse Collar
24:02 Scale Mail Armor
24:43 Bow Saw
25:21 Chain Mail Armor
26:04 Forging
30:20 Iron Casting
37:29 Imperial Age
35:23 Bodkin Arrow
37:08 Ballistics
37:17 Crossbowman
38:24 Bracer
39:27 Chemistry
37:54 Arbalester
39:02 Conscription
41:02 Thumb Ring
Connection lost

Rejoining the realm…

Still unreachable

The connection could not be restored.

Session expired

The server has moved on; the page needs a fresh start.